 Dungeon Crawl Stone Soup version 0.32-a0-530-gb6d6f0d0ac (webtiles) character file.

Game seed: 9779686444137710775

51 GordonOverkill the Sneak (level 3, -3/30 HPs)
             Began as a Coglin Delver on Feb 27, 2024.
             Killed from afar by an orc wizard (7 damage)
             ... with a puff of flame
             ... on level 4 of the Dungeon.
             The game lasted 00:01:06 (532 turns).

GordonOverkill the Sneak (Coglin Delver)             Turns: 532, Time: 00:01:06

Health: -3/30      AC:  3    Str: 14    XL:     3   Next: 83%
Magic:  3/3        EV: 11    Int:  9    God:
Gold:   64         SH:  0    Dex: 15    Spells: 2/2 levels left

rFire   . . .        a - +0 hand axe {Anan}
rCold   . . .        i - +0 whip {Akihito}
rNeg    . . .        b - +0 leather armour
rPois   .            (no helmet)
rElec   .            (no cloak)
rCorr   .            (no gloves)
SInv    .            (no boots)
Will    .....        (no amulet)
Stlth   ++           (ring unavailable)
HPRegen 0.25/turn    (ring unavailable)
MPRegen 0.08/turn

%: no passive effects
@: revved
A: off-hand wielding, slow wielding, warmup strikes, no rings
a: no special abilities


You were on level 4 of the Dungeon.
You visited 1 branch of the dungeon, and saw 2 of its levels.
You also visited: Sewer.

You collected 64 gold pieces.

Inventory:

Hand Weapons
 a - a +0 hand axe (weapon) {Anan}
 i - a +0 whip (offhand) {Akihito}
Armour
 b - a +0 leather armour (worn)
Wands
 g - a wand of digging (3)
Scrolls
 c - a scroll of fog
 d - a scroll of revelation
 e - a scroll of fear
 h - a scroll of enchant armour {unknown}
Potions
 f - a potion of haste
 j - a potion of might {unknown}


   Skills:
 + Level 3.9 Fighting
 + Level 3.1 Axes
 - Level 1.7 Dodging
 - Level 4.1 Stealth


You had 2 spell levels left.
You didn't know any spells.
Your spell library was empty.

Dungeon Overview and Level Annotations

Branches:
Dungeon (5/15)              Sewer (visited)
 Temple: D:4-7

Altars:


Innate Abilities, Weirdness & Mutations

You can wield a second weapon in your off-hand.
It takes a long time for you to wield or remove held weapons.
Your first few attacks do less damage.
Your grasper-arms cannot wear rings.


Message History

You kill the orc!
You barely miss something with your +0 hand axe.
You hear some strange, mumbled words.
You are confused.
You completely miss something with your +0 whip.
You miss something with your +0 hand axe.
Something hits you.
* * * LOW HITPOINT WARNING * * *
You closely miss something with your +0 whip.
You closely miss something with your +0 hand axe.
Something hits you but does no damage.
You're too confused to move!
You hear some strange, mumbled words.
A magic dart appears from out of thin air!
The magic dart hits you.
* * * LOW HITPOINT WARNING * * *
Something hits you but does no damage.
Things that are here:
a +0 dagger; a +0 leather armour; an orc corpse You bump into the rock wall.
You feel less confused. Something hits you.
* * * LOW HITPOINT WARNING * * *
You hit something but do no damage.
You closely miss something with your +0 hand axe.
Something hits you but does no damage.
You barely miss something with your +0 whip.
You closely miss something with your +0 hand axe.
Something hits you.
* * * LOW HITPOINT WARNING * * *
Something hits you.
* * * LOW HITPOINT WARNING * * *
You miss something with your +0 hand axe.
You hit something but do no damage. Something barely misses you.
You hit something with your +0 hand axe.
You miss something with your +0 whip.
You hear some strange, mumbled words.
A puff of flame appears from out of thin air!
The puff of flame hits you!
You die...

# .. ...
....
.....####
........#
###@#####
#.).{...#
+..>###.#
#.#.#
#.#..
#.#... #
#.#.#
..#.#
#.#.#


There were no monsters in sight!

Vanquished Creatures
  A hound (D:5)
  An adder (Sewer)
  A ribbon worm (D:5)
  2 orcs (D:4)
  A bat (D:5)
  2 kobolds (Sewer)
  A quokka (D:5)
9 creatures vanquished.

Notes
Turn   | Place    | Note
-------+----------+-------------------------------------------
     0 | D:5      | GordonOverkill the Coglin Delver began the quest for the
                  | Orb.
     0 | D:5      | Reached XP level 1. HP: 18/18 MP: 1/1
     1 | D:5      | Found a glowing drain.
    11 | Sewer    | Entered a sewer
    27 | Sewer    | Reached XP level 2. HP: 10/24 MP: 2/2
   197 | Sewer    | Noticed Pargi
   211 | Sewer    | Noticed a brain worm
   317 | D:5      | Reached XP level 3. HP: 15/30 MP: 3/3
   532 | D:4      | Killed from afar by an orc wizard

Illustrated notes

Levels and vault maps discovered:
D:4:      layout_basic, grunt_temple_overflow_open, uniq_pikel
D:5:      layout_rooms, mainiacjoe_overflow_alcove_2,
          nicolae_overflow_two_pavilions, cheibrodos_sewer_entry_sluice

Skill      XL: |  1  2 |
---------------+-------+-----
Axes           | 3 |  3.1
Fighting       | |  3.9
Dodging        | |  1.7
Stealth        | |  4.1

Action                     || total
---------------------------++-------
  Melee: Hand axe          ||    53
         Whip              ||    38
   Stab: Sleeping          ||     1
 Armour: Leather armour    ||    45
  Dodge: Dodged            ||    36
         Repelled          ||     1

Table legend: (Time is in decaauts)
 A = Elapsed time spent in this place.
 B = Non-inter-level travel time spent in this place.
 C = Inter-level travel time spent in this place.
 D = Time resting spent in this place.
 E = Time spent auto-exploring this place.
 F = Levels seen in this place.
 G = Mean time per level.
                   A        B        C        D        E       F      G
               +--------+--------+--------+--------+--------+-----+--------+
         Total |    546 |    546 |      0 |    314 |     12 |   3 |  182.0 |
       Dungeon |    260 |    260 |      0 |    158 |     12 |   2 |  130.0 |
         Sewer |    285 |    285 |      0 |    156 |      0 |   1 |  285.0 |
               +--------+--------+--------+--------+--------+-----+--------+

Top non-repeatable levels by time:
   Sewer: 285 daAuts
     D:5: 239 daAuts
     D:4: 21 daAuts
